[Event "17th Aeroflot Open-A 2019"]
[Site "Moscow"]
[Date "2019.02.27"]
[Round "9.14"]
[White "Aleksandrov, Aleksej"]
[Black "Dubov, Daniil"]
[Result "1/2-1/2"]
[ECO "E47"]
[WhiteElo "2574"]
[BlackElo "2703"]
[Annotator "ChessBase"]
[PlyCount "126"]
[EventDate "2019.02.19"]
[EventCountry "RUS"]
[SourceTitle "playchess.com"]
[Source "ChessBase"]
[SourceQuality "1"]
[TimeControl "40/5400+30:1800+30"]

1. d4 Nf6 2. c4 e6 3. Nc3 Bb4 4. e3 O-O 5. Bd3 Re8 6. Nge2 d5 7. O-O Nbd7 8. a3 Bf8 9. b4 a5 10. b5 dxc4 11. Bxc4 c5 12. bxc6 bxc6 13. e4 c5 14. e5 Ng4 15. Bf4 cxd4 16. Qxd4 Bc5 17. Qe4 Rb8 18. Bb5 Bb7 19. Qa4 Nb6 20. Qc2 Rf8 21. Bd3 Nd5 22. Rad1 Nxf2 23. Rxf2 Bxf2+ 24. Kxf2 Qb6+ 25. Kf1 f6 26. Nxd5 Bxd5 27. Bxh7+ Kh8 28. Qg6 Be4 29. Qxe4 f5 30. Qe3 Qxe3 31. Bxe3 Kxh7 32. Nf4 Rb3 33. Bc5 Re8 34. h4 Rc3 35. Bd6 Kh6 36. Kf2 g5 37. hxg5+ Kxg5 38. Rd4 Rb3 39. Ra4 Rb5 40. Ke3 Rb3+ 41. Kd2 Rg3 42. Ke2 Rb3 43. Nh3+ Kh5 44. Kf2 Rb5 45. Kg1 Rc8 46. Nf4+ Kg4 47. Rd4 Rb1+ 48. Kh2 Rh8+ 49. Nh3+ Kh5 50. Be7 Kg6 51. Bh4 Rb7 52. Bf6 Rhh7 53. Rd3 Rbc7 54. Kg3 Rhd7 55. Rf3 Rd4 56. Nf4+ Kf7 57. Kh2 Rc2 58. Bg5 Rcc4 59. Rf2 Re4 60. g4 Rxe5 61. Rd2 fxg4 62. Rd7+ Ke8 63. Rd8+ Kf7 1/2-1/2

[Event "17th Aeroflot Open-A 2019"]
[Site "Moscow"]
[Date "2019.02.27"]
[Round "9.15"]
[White "Kovalev, Vladislav"]
[Black "Antipov, Mikhail Al."]
[Result "1/2-1/2"]
[ECO "C03"]
[WhiteElo "2703"]
[BlackElo "2589"]
[Annotator "ChessBase"]
[PlyCount "102"]
[EventDate "2019.02.19"]
[EventCountry "RUS"]
[SourceTitle "playchess.com"]
[Source "ChessBase"]
[SourceQuality "1"]
[TimeControl "40/5400+30:1800+30"]

1. e4 e6 2. d4 d5 3. Nd2 Be7 4. e5 c5 5. c3 cxd4 6. cxd4 Qb6 7. Ndf3 Bb4+ 8. Bd2 Nc6 9. Bc3 Bd7 10. Qd2 f6 11. Bd3 Bxc3 12. bxc3 Qc7 13. exf6 gxf6 14. c4 dxc4 15. Bxc4 Qa5 16. Ne2 Qxd2+ 17. Nxd2 Na5 18. Bd3 Ne7 19. Nf4 Nec6 20. Nf3 Kf7 21. Rb1 e5 22. dxe5 Nxe5 23. Nxe5+ fxe5 24. Nd5 Rad8 25. Ne3 Be6 26. Ke2 b6 27. Rhc1 Rc8 28. Ba6 Rxc1 29. Rxc1 Rd8 30. Rc2 h6 31. Kf3 h5 32. Kg3 Kf6 33. Be2 Nb7 34. Bxh5 Nc5 35. h4 Rd3 36. Bg4 Bf7 37. Bf3 Ra3 38. Ng4+ Ke6 39. Re2 e4 40. Kf4 Kd6 41. Rd2+ Ke7 42. Bxe4 Rxa2 43. Rxa2 Bxa2 44. Bf5 a5 45. h5 a4 46. h6 Kf8 47. Ne5 a3 48. Ke3 Bb3 49. Bb1 a2 50. Bxa2 Bxa2 51. g4 Kg8 1/2-1/2

[Event "17th Aeroflot Open-A 2019"]
[Site "Moscow"]
[Date "2019.02.27"]
[Round "9.19"]
[White "Sychev, Klementy"]
[Black "Van Foreest, Jorden"]
[Result "1-0"]
[ECO "B92"]
[WhiteElo "2545"]
[BlackElo "2618"]
[Annotator "ChessBase"]
[PlyCount "78"]
[EventDate "2019.02.19"]
[EventCountry "RUS"]
[SourceTitle "playchess.com"]
[Source "ChessBase"]
[SourceQuality "1"]
[TimeControl "40/5400+30:1800+30"]

1. e4 c5 2. Nf3 d6 3. d4 cxd4 4. Nxd4 Nf6 5. Nc3 a6 6. Be2 e5 7. Nb3 Be7 8. Be3 Be6 9. h4 O-O 10. Bf3 Nc6 11. g4 Nd7 12. g5 Nb6 13. Nd5 Nc4 14. Qe2 b5 15. O-O-O a5 16. Nd2 Nxe3 17. fxe3 Qc8 18. Kb1 Rb8 19. Rhg1 a4 20. Bg4 a3 21. b3 Bd8 22. c4 Na7 23. Rc1 Qb7 24. Nf6+ Kh8 25. Bxe6 fxe6 26. Nxh7 Kxh7 27. Qh5+ Kg8 28. g6 Rf2 29. Qh7+ Kf8 30. Qh8+ Ke7 31. Qxg7+ Ke8 32. Qxb7 Rxb7 33. g7 Rxg7 34. Rxg7 Bb6 35. Rb7 Bxe3 36. Rg1 Kf8 37. Rf1 Rf4 38. Rxf4+ exf4 39. Nf3 bxc4 1-0

[Event "17th Aeroflot Open-A 2019"]
[Site "Moscow"]
[Date "2019.02.27"]
[Round "9.20"]
[White "Karthikeyan, Murali"]
[Black "Idani, Pouya"]
[Result "1/2-1/2"]
[ECO "B90"]
[WhiteElo "2560"]
[BlackElo "2604"]
[Annotator "ChessBase"]
[PlyCount "82"]
[EventDate "2019.02.19"]
[EventCountry "RUS"]
[SourceTitle "playchess.com"]
[Source "ChessBase"]
[SourceQuality "1"]
[TimeControl "40/5400+30:1800+30"]

1. e4 c5 2. Nf3 d6 3. d4 cxd4 4. Nxd4 Nf6 5. Nc3 a6 6. h3 Nc6 7. g4 g6 8. Be3 Nxd4 9. Bxd4 Bh6 10. f3 Be6 11. h4 Bf4 12. Ne2 Be5 13. Qd2 Qc7 14. O-O-O Bxa2 15. f4 Bxd4 16. Qxd4 Bc4 17. Nc3 Bxf1 18. Rhxf1 Qc5 19. Qxc5 dxc5 20. g5 Nd7 21. Nd5 Rc8 22. Rf3 c4 23. h5 Nc5 24. Rh3 Rg8 25. hxg6 hxg6 26. f5 Nxe4 27. fxg6 Nxg5 28. Re3 e6 29. Nf6+ Ke7 30. Nxg8+ Rxg8 31. gxf7 Nxf7 32. Rh3 Rg7 33. Rdh1 Rg6 34. Rf3 Rg7 35. Rc3 Ne5 36. Rch3 Nf7 37. Rh7 Rxh7 38. Rxh7 e5 39. Rh4 Nd6 40. Rh6 Kd7 41. Kd2 Kc6 1/2-1/2

[Event "17th Aeroflot Open-A 2019"]
[Site "Moscow"]
[Date "2019.02.27"]
[Round "9.21"]
[White "Aravindh, Chithambaram VR."]
[Black "Xu, Yi"]
[Result "1/2-1/2"]
[ECO "D31"]
[WhiteElo "2601"]
[BlackElo "2520"]
[Annotator "ChessBase"]
[PlyCount "148"]
[EventDate "2019.02.19"]
[EventCountry "RUS"]
[SourceTitle "playchess.com"]
[Source "ChessBase"]
[SourceQuality "1"]
[TimeControl "40/5400+30:1800+30"]

1. c4 e6 2. Nc3 d5 3. d4 a6 4. cxd5 exd5 5. Nf3 c6 6. Qb3 Nf6 7. Bg5 Be7 8. g3 Nbd7 9. Bg2 Ne4 10. Bf4 Ndf6 11. O-O Nxc3 12. bxc3 O-O 13. Rad1 b5 14. Ne5 Qb6 15. c4 Be6 16. cxd5 Nxd5 17. Qb2 Rac8 18. Bd2 Rfd8 19. Rc1 Bf8 20. Rfd1 Qb7 21. Be1 f6 22. Nc4 Qd7 23. Na5 f5 24. e3 Bf7 25. Rc2 Ne7 26. Rdc1 Bd5 27. f3 g6 28. Nb3 Bg7 29. Qa3 Re8 30. Bf2 Bc4 31. Na5 Bd5 32. Rd1 Be6 33. Nb3 Bc4 34. h3 Nd5 35. Nc5 Qf7 36. e4 fxe4 37. fxe4 b4 38. Qb2 Nc3 39. Ra1 a5 40. a3 Rb8 41. axb4 axb4 42. e5 Bf8 43. Bxc6 Bxc5 44. Bxe8 Rxe8 45. dxc5 Qf3 46. Kh2 Ne2 47. Rxe2 Bxe2 48. Bd4 b3 49. c6 Bc4 50. c7 Bd5 51. Qd2 Rc8 52. Bb6 Qe4 53. Rc1 h5 54. Qf2 Kh7 55. Re1 Qc2 56. Re2 Qd1 57. Re1 Qc2 58. Re2 Qd1 59. g4 Rf8 60. Qe1 Qxe1 61. Rxe1 Be6 62. Kg3 hxg4 63. hxg4 g5 64. Be3 Rc8 65. Bb6 Rf8 66. Rc1 Rf4 67. Ba5 Rxg4+ 68. Kf3 b2 69. Rb1 Ra4 70. Bd2 Rc4 71. Rxb2 g4+ 72. Kg3 Rxc7 73. Rb6 Re7 74. Bg5 Re8 1/2-1/2

[Event "17th Aeroflot Open-A 2019"]
[Site "Moscow"]
[Date "2019.02.27"]
[Round "9.22"]
[White "Narayanan.S.L"]
[Black "Sadhwani, Raunak"]
[Result "1-0"]
[ECO "C43"]
[WhiteElo "2593"]
[BlackElo "2448"]
[Annotator "ChessBase"]
[PlyCount "117"]
[EventDate "2019.02.19"]
[EventCountry "RUS"]
[SourceTitle "playchess.com"]
[Source "ChessBase"]
[SourceQuality "1"]
[TimeControl "40/5400+30:1800+30"]

1. e4 e5 2. Nf3 Nf6 3. d4 Nxe4 4. Bd3 d5 5. Nxe5 Be7 6. O-O O-O 7. c4 Nf6 8. Nc3 Be6 9. cxd5 Nxd5 10. Re1 Nc6 11. Nxd5 Bxd5 12. Qg4 Re8 13. Bf4 Bf6 14. Qh3 g6 15. Bb5 Bg7 16. Qg3 a6 17. Bxc6 Bxc6 18. Nxc6 Rxe1+ 19. Rxe1 bxc6 20. Be5 Bxe5 21. Qxe5 Rb8 22. b3 Rb5 23. Qe8+ Qxe8 24. Rxe8+ Kg7 25. Kf1 Rd5 26. Ra8 Rxd4 27. Rxa6 Rd2 28. Rxc6 Rxa2 29. Rxc7 Rb2 30. Rb7 g5 31. g4 Kg6 32. Kg2 h6 33. Rb8 Kf6 34. Kg3 Rb1 35. Rb5 Kg6 36. Rb6+ Kg7 37. h3 Rg1+ 38. Kh2 Rb1 39. Kg2 Kh7 40. b4 Rb3 41. b5 Kg7 42. Rb8 Kf6 43. Rb7 Kg6 44. b6 Kf6 45. Rb8 Ke7 46. f3 Rb2+ 47. Kf1 Kf6 48. Rb7 Kg6 49. Ke1 Rb3 50. Ke2 Kf6 51. Kd2 Rxf3 52. Kc2 Rf2+ 53. Kc3 Rf1 54. Rc7 Rb1 55. b7 Kg6 56. Kd4 f6 57. Kc5 h5 58. Rd7 hxg4 59. hxg4 1-0

[Event "17th Aeroflot Open-A 2019"]
[Site "Moscow"]
[Date "2019.02.27"]
[Round "9.25"]
[White "Zvjaginsev, Vadim"]
[Black "Santos Ruiz, Miguel"]
[Result "1-0"]
[ECO "A06"]
[WhiteElo "2642"]
[BlackElo "2554"]
[Annotator "ChessBase"]
[PlyCount "119"]
[EventDate "2019.02.19"]
[EventCountry "RUS"]
[SourceTitle "playchess.com"]
[Source "ChessBase"]
[SourceQuality "1"]
[TimeControl "40/5400+30:1800+30"]

1. Nf3 d5 2. g3 g6 3. Bg2 Bg7 4. O-O e5 5. d3 Ne7 6. c4 c6 7. Nc3 O-O 8. Rb1 h6 9. e4 d4 10. Ne2 a5 11. Nh4 g5 12. Nf3 f5 13. exf5 Bxf5 14. h4 e4 15. Ne1 exd3 16. Nxd3 Ng6 17. hxg5 hxg5 18. b4 Ne5 19. Nxe5 Bxb1 20. Nd3 axb4 21. Bxg5 Qxg5 22. Qxb1 Qd2 23. Nef4 Rxa2 24. Bh3 Rxf4 25. Nxf4 d3 26. Nxd3 Ra1 27. Qxb4 Rxf1+ 28. Bxf1 Qxb4 29. Nxb4 Nd7 30. Kg2 Nc5 31. f4 Bc3 32. Nc2 Ne6 33. Ne3 Nd4 34. Kf2 b5 35. Bd3 b4 36. Nf5 Ne6 37. Ne7+ Kf7 38. Nxc6 Nc5 39. Bb1 b3 40. Ke2 Na4 41. Na7 Bb4 42. Nb5 Nb6 43. Kd3 Be1 44. Nd6+ Ke6 45. Ne4 Kf5 46. c5 Nd5 47. Kc4 Ne3+ 48. Kxb3 Ke6 49. c6 Ke7 50. Ka4 Kd8 51. Kb5 Kc7 52. Kc5 Nf5 53. g4 Ne7 54. f5 Nxc6 55. Kd5 Nd8 56. g5 Kd7 57. g6 Ke8 58. f6 Bh4 59. Ba2 Kf8 60. g7+ 1-0

[Event "17th Aeroflot Open-A 2019"]
[Site "Moscow"]
[Date "2019.02.27"]
[Round "9.27"]
[White "Afanasiev, Nikita"]
[Black "Alekseenko, Kirill"]
[Result "0-1"]
[ECO "E12"]
[WhiteElo "2508"]
[BlackElo "2634"]
[Annotator "ChessBase"]
[PlyCount "88"]
[EventDate "2019.02.19"]
[EventCountry "RUS"]
[SourceTitle "playchess.com"]
[Source "ChessBase"]
[SourceQuality "1"]
[TimeControl "40/5400+30:1800+30"]

1. d4 Nf6 2. c4 e6 3. Nf3 b6 4. a3 Bb7 5. Nc3 d5 6. Bg5 Be7 7. Qa4+ Bc6 8. Qb3 dxc4 9. Qxc4 a6 10. e3 Bb7 11. Be2 Nbd7 12. b4 Rc8 13. O-O c5 14. dxc5 bxc5 15. b5 axb5 16. Qxb5 Bc6 17. Qc4 O-O 18. Rfc1 h6 19. Bh4 Ra8 20. Bg3 Nb6 21. Qb3 Nbd5 22. Ne5 Nxc3 23. Qxc3 Ne4 24. Qc2 Bd5 25. Nc4 Bf6 26. Rab1 Nc3 27. Rb3 Nxe2+ 28. Qxe2 Ra4 29. Rbb1 Bxc4 30. Rxc4 Qa5 31. Rcc1 Rc8 32. Qb5 Qxb5 33. Rxb5 Be7 34. Rb7 Bf8 35. Kf1 Rxa3 36. Ke2 f6 37. Bc7 Ra2+ 38. Kf3 e5 39. Rd1 e4+ 40. Kg3 c4 41. Rd7 Ra6 42. Bd8 Rd6 43. Be7 Rxd7 44. Rxd7 Bxe7 0-1

[Event "17th Aeroflot Open-A 2019"]
[Site "Moscow"]
[Date "2019.02.27"]
[Round "9.29"]
[White "Jumabayev, Rinat"]
[Black "Praggnanandhaa R"]
[Result "1/2-1/2"]
[ECO "A20"]
[WhiteElo "2604"]
[BlackElo "2532"]
[Annotator "ChessBase"]
[PlyCount "87"]
[EventDate "2019.02.19"]
[EventCountry "RUS"]
[SourceTitle "playchess.com"]
[Source "ChessBase"]
[SourceQuality "1"]
[TimeControl "40/5400+30:1800+30"]

1. c4 e5 2. g3 c6 3. d4 e4 4. Nc3 d5 5. Nh3 Bb4 6. Qb3 Na6 7. cxd5 Qxd5 8. Qxd5 cxd5 9. Bd2 Nf6 10. f3 O-O 11. Nf4 Bxc3 12. bxc3 Re8 13. Kf2 Nc7 14. Rb1 b6 15. Rg1 Ba6 16. g4 exf3 17. exf3 Bxf1 18. Rgxf1 Nd7 19. Rfc1 b5 20. Ng2 a6 21. a4 Nb6 22. Bf4 Ne6 23. axb5 axb5 24. Rb2 Rec8 25. Kg3 g5 26. Be5 Nc4 27. Rxb5 Nxe5 28. dxe5 d4 29. c4 Ra4 30. c5 Ra3 31. h4 Rc3 32. Rd1 h6 33. hxg5 hxg5 34. Ne1 R3xc5 35. Rxc5 Rxc5 36. Nd3 Rc2 37. Ra1 Kg7 38. Rb1 Rd2 39. Rb3 Re2 40. Rb2 Rxb2 41. Nxb2 Nf4 42. Nc4 Nd3 43. Nd6 Nxe5 44. Nf5+ 1/2-1/2

[Event "17th Aeroflot Open-A 2019"]
[Site "Moscow"]
[Date "2019.02.27"]
[Round "9.30"]
[White "Xu, Yinglun"]
[Black "Sethuraman, S.P."]
[Result "1-0"]
[ECO "E18"]
[WhiteElo "2512"]
[BlackElo "2651"]
[Annotator "ChessBase"]
[PlyCount "107"]
[EventDate "2019.02.19"]
[EventCountry "RUS"]
[SourceTitle "playchess.com"]
[Source "ChessBase"]
[SourceQuality "1"]
[TimeControl "40/5400+30:1800+30"]

1. d4 Nf6 2. c4 e6 3. Nf3 b6 4. g3 Bb7 5. Bg2 Be7 6. O-O O-O 7. Nc3 Ne4 8. Bd2 Nxd2 9. Qxd2 d6 10. e4 Nd7 11. Rad1 a6 12. Rfe1 c5 13. d5 e5 14. a3 g6 15. Qc2 Qc7 16. Bh3 Nf6 17. Rf1 Nh5 18. Ne1 Bg5 19. Nd3 Rae8 20. Rde1 Bh6 21. Qd1 Qd8 22. Kh1 Ng7 23. f4 exf4 24. gxf4 f5 25. e5 dxe5 26. fxe5 Qh4 27. Bg2 Nh5 28. Qf3 Qxc4 29. e6 Qd4 30. Ne2 Qg7 31. Nc3 Nf6 32. Qe2 Qe7 33. Ne5 b5 34. Nf7 Rxf7 35. exf7+ Qxf7 36. Qf2 Rxe1 37. Rxe1 Bf8 38. Qe2 b4 39. Nd1 Bxd5 40. Qxa6 Bxg2+ 41. Kxg2 Qd5+ 42. Kg1 Qd4+ 43. Kh1 bxa3 44. bxa3 f4 45. Qe6+ Kg7 46. Qe5 Qd2 47. Nc3 Qd4 48. a4 f3 49. Qxd4 cxd4 50. Ne4 Ng4 51. a5 d3 52. a6 d2 53. Rb1 Ne3 54. a7 1-0

[Event "17th Aeroflot Open-A 2019"]
[Site "Moscow"]
[Date "2019.02.27"]
[Round "9.33"]
[White "Esipenko, Andrey"]
[Black "Gagare, Shardul"]
[Result "1-0"]
[ECO "C88"]
[WhiteElo "2603"]
[BlackElo "2495"]
[Annotator "ChessBase"]
[PlyCount "83"]
[EventDate "2019.02.19"]
[EventCountry "RUS"]
[SourceTitle "playchess.com"]
[Source "ChessBase"]
[SourceQuality "1"]
[TimeControl "40/5400+30:1800+30"]

1. e4 e5 2. Nf3 Nc6 3. Bb5 a6 4. Ba4 Nf6 5. O-O Be7 6. Re1 b5 7. Bb3 d6 8. a4 Bg4 9. c3 O-O 10. h3 Bh5 11. d3 Na5 12. Bc2 b4 13. Nbd2 Nd7 14. g4 Bg6 15. Nf1 Rb8 16. Ng3 bxc3 17. bxc3 Nc5 18. Be3 Ne6 19. Nf5 c5 20. Kg2 Re8 21. Rb1 Qc7 22. h4 f6 23. d4 cxd4 24. cxd4 Bf8 25. h5 Bf7 26. d5 Nc5 27. Qe2 Rxb1 28. Rxb1 Nab7 29. Ng3 h6 30. Nh4 Rc8 31. Ng6 Be8 32. Nf5 Ra8 33. Qf3 Nxa4 34. Nxf8 Kxf8 35. g5 hxg5 36. h6 gxh6 37. Nxh6 Qg7 38. Nf5 g4 39. Qg3 Qh7 40. Bh6+ Kg8 41. Qxg4+ Bg6 42. Rxb7 1-0

[Event "17th Aeroflot Open-A 2019"]
[Site "Moscow"]
[Date "2019.02.27"]
[Round "9.34"]
[White "Lobanov, Sergei"]
[Black "Gordievsky, Dmitry"]
[Result "0-1"]
[ECO "B34"]
[WhiteElo "2526"]
[BlackElo "2603"]
[Annotator "RC"]
[PlyCount "104"]
[EventDate "2019.02.19"]
[EventCountry "RUS"]
[SourceTitle "playchess.com"]
[Source "ChessBase"]
[SourceQuality "1"]
[TimeControl "40/5400+30:1800+30"]

1. e4 c5 2. Nf3 Nc6 3. d4 cxd4 4. Nxd4 Nf6 5. Nc3 e5 6. Ndb5 d6 7. Nd5 Nxd5 8. exd5 Nb8 9. a4 Be7 10. Be2 O-O 11. O-O f5 12. Bd2 a6 13. Na3 f4 14. Nc4 Bf5 15. Ba5 Qe8 16. Bb4 Rf6 17. Bg4 Bxg4 18. Qxg4 Nd7 19. Nd2 Rg6 20. Qf3 Nf6 21. c4 Qd7 22. Rfe1 Rf8 23. a5 Ng4 24. Rac1 Nh6 25. c5 dxc5 26. Bxc5 Nf5 27. Bxe7 Qxe7 28. Qh3 Nh4 29. g3 fxg3 30. fxg3 Nf5 31. Rf1 Qg5 32. Nc4 Rgf6 33. Rce1 Nd4 34. Kh1 Nf3 35. Re3 e4 36. d6 Rh6 37. Qg2 Rxh2+ 38. Qxh2 Nxh2 39. Rxf8+ Kxf8 40. Kxh2 Qd5 41. b3 Ke8 42. Kg2 Kd8 43. Kf2 h5 44. Kg2 g5 45. Re2 Qd3 46. Rf2 Ke8 47. Rf5 g4 48. Re5+ Kf8 49. Rxh5 Qf3+ 50. Kh2 Qf2+ 51. Kh1 Qxg3 52. d7 Qf3+ 0-1

[Event "17th Aeroflot Open-A 2019"]
[Site "Moscow"]
[Date "2019.02.27"]
[Round "9.35"]
[White "Gavrilescu, David"]
[Black "Svane, Rasmus"]
[Result "0-1"]
[ECO "C07"]
[WhiteElo "2479"]
[BlackElo "2599"]
[Annotator "ChessBase"]
[PlyCount "156"]
[EventDate "2019.02.19"]
[EventCountry "RUS"]
[SourceTitle "playchess.com"]
[Source "ChessBase"]
[SourceQuality "1"]
[TimeControl "40/5400+30:1800+30"]

1. e4 e6 2. d4 d5 3. Nd2 c5 4. exd5 Qxd5 5. dxc5 Qxc5 6. Ngf3 Nf6 7. Bd3 Nbd7 8. O-O Qc7 9. a4 Nc5 10. Bc4 Bd6 11. Bb5+ Bd7 12. Nc4 Be7 13. Nfe5 a6 14. Bxd7+ Ncxd7 15. Bf4 Nxe5 16. Nxe5 Rd8 17. Qf3 Bd6 18. Rfe1 O-O 19. c3 Nd5 20. Bg3 Ne7 21. Nd3 Nc6 22. Rad1 e5 23. h3 Kh8 24. Qe4 f6 25. Qc4 Qb6 26. b4 a5 27. Nc5 Bxc5 28. bxc5 Qc7 29. f4 Rxd1 30. Rxd1 Re8 31. fxe5 fxe5 32. Rf1 Qc8 33. Kh2 h6 34. Qd5 e4 35. Re1 e3 36. Re2 Ne7 37. Qh5 Nf5 38. Bf4 Re4 39. Qf3 Qe6 40. g4 Nh4 41. Qg3 Qc4 42. Rxe3 Qf1 43. Rxe4 Nf3+ 44. Qxf3 Qxf3 45. Re8+ Kh7 46. Bd6 Qf2+ 47. Kh1 Qf1+ 48. Kh2 Qf2+ 49. Kh1 Kg6 50. Re6+ Kf7 51. Re5 Qf1+ 52. Kh2 Qf2+ 53. Kh1 Qf3+ 54. Kh2 Qxc3 55. Re7+ Kf6 56. Kg2 Qd2+ 57. Kg3 Qd3+ 58. Kg2 Qd5+ 59. Kf2 Qa2+ 60. Kg3 Qb3+ 61. Kh2 b6 62. Rc7 Qc2+ 63. Kg3 Qd3+ 64. Kf2 Qd4+ 65. Kf3 bxc5 66. Bxc5 Qxa4 67. h4 Qb3+ 68. Be3 a4 69. Ke4 Qe6+ 70. Kd3 Qxg4 71. Bd4+ Ke6 72. Rxg7 Qxh4 73. Ra7 Qh3+ 74. Be3 Qf1+ 75. Kd2 Qc4 76. Rh7 Qa2+ 77. Kc1 Qa3+ 78. Kd2 Qb2+ 0-1

[Event "17th Aeroflot Open-A 2019"]
[Site "Moscow"]
[Date "2019.02.27"]
[Round "9.36"]
[White "Moroni, Luca Jr"]
[Black "Sargsyan, Shant"]
[Result "0-1"]
[ECO "A04"]
[WhiteElo "2567"]
[BlackElo "2488"]
[Annotator "ChessBase"]
[PlyCount "76"]
[EventDate "2019.02.19"]
[EventCountry "RUS"]
[SourceTitle "playchess.com"]
[Source "ChessBase"]
[SourceQuality "1"]
[TimeControl "40/5400+30:1800+30"]

1. Nf3 g6 2. c4 Bg7 3. Nc3 d6 4. d4 Bg4 5. e3 e5 6. dxe5 Bxe5 7. Qb3 Bxf3 8. gxf3 Nd7 9. f4 Nc5 10. Qc2 Bg7 11. Bg2 a5 12. Bd2 Ne7 13. Na4 Nxa4 14. Qxa4+ c6 15. Qb3 O-O 16. Bc3 a4 17. Qa3 Bxc3+ 18. Qxc3 Nf5 19. Bh3 Nh4 20. O-O-O Qe7 21. f5 Nf3 22. f6 Qe4 23. Bg2 Qg4 24. Bxf3 Qxf3 25. Rhf1 d5 26. cxd5 cxd5 27. Kb1 Rfc8 28. Qd4 Qf5+ 29. Ka1 a3 30. Rd2 Rc4 31. Qb6 Rac8 32. Rdd1 axb2+ 33. Qxb2 Rc2 34. Qxb7 Qxf6+ 35. Rd4 Qd6 36. Rf4 Qe5+ 37. Rd4 Rb8 38. Qxd5 Qc7 0-1

[Event "17th Aeroflot Open-A 2019"]
[Site "Moscow"]
[Date "2019.02.27"]
[Round "9.37"]
[White "Raja Rithvik R"]
[Black "Aryan Chopra"]
[Result "0-1"]
[ECO "E62"]
[WhiteElo "2443"]
[BlackElo "2540"]
[Annotator "ChessBase"]
[PlyCount "134"]
[EventDate "2019.02.19"]
[EventCountry "RUS"]
[SourceTitle "playchess.com"]
[Source "ChessBase"]
[SourceQuality "1"]
[TimeControl "40/5400+30:1800+30"]

1. Nf3 Nf6 2. c4 g6 3. g3 Bg7 4. Bg2 O-O 5. d4 d6 6. Nc3 Nc6 7. O-O e5 8. dxe5 dxe5 9. Bg5 Be6 10. Qc1 Qc8 11. Rd1 Re8 12. Nd5 Nd7 13. Bh6 f6 14. Bxg7 Kxg7 15. h4 Nd8 16. b4 Nf7 17. Ne3 c5 18. Qb2 Rb8 19. b5 Qc7 20. Nd2 f5 21. Bd5 Nf6 22. Bxe6 Rxe6 23. Nd5 Nxd5 24. cxd5 Ree8 25. Nc4 Rbd8 26. b6 axb6 27. Rab1 Re7 28. Qxb6 Nd6 29. Qxc7 Rxc7 30. Nxe5 Kf6 31. Nd3 b5 32. Rdc1 c4 33. Nb4 Ra8 34. Rc2 Rca7 35. f3 Ra3 36. Kf2 R8a4 37. Rd2 Ke7 38. Rd4 Kd7 39. e4 fxe4 40. fxe4 Nf7 41. Rd2 Ne5 42. Nc2 Rxa2 43. Rxb5 c3 44. Re2 Rb2 45. Nd4 Rxd4 46. Rexb2 cxb2 47. Rxb2 Rxe4 48. Rb7+ Ke8 49. Rxh7 Rd4 50. h5 g5 51. h6 Rxd5 52. Rh8+ Kf7 53. Ke3 Ng4+ 54. Kf3 Nf6 55. h7 Kg7 56. Ra8 Kxh7 57. Ra6 Kg6 58. Rb6 Kf5 59. Rb3 Ng4 60. Rb4 Rd3+ 61. Kg2 Rd2+ 62. Kg1 Ne3 63. Kh1 Nf1 64. Kg1 Ne3 65. Kh1 Nc2 66. Ra4 Nd4 67. Kg1 Ne2+ 0-1

[Event "17th Aeroflot Open-A 2019"]
[Site "Moscow"]
[Date "2019.02.27"]
[Round "9.39"]
[White "Puranik, Abhimanyu"]
[Black "Prithu Gupta"]
[Result "1-0"]
[ECO "A20"]
[WhiteElo "2538"]
[BlackElo "2470"]
[Annotator "RC"]
[PlyCount "89"]
[EventDate "2019.02.19"]
[EventCountry "RUS"]
[SourceTitle "playchess.com"]
[Source "ChessBase"]
[SourceQuality "1"]
[TimeControl "40/5400+30:1800+30"]

1. c4 e5 2. g3 c6 3. Nf3 e4 4. Nd4 d5 5. cxd5 Qxd5 6. Nc2 Nf6 7. Nc3 Qe5 8. Bg2 Na6 9. Ne3 Bc5 10. Qc2 Nb4 11. Qb1 Bxe3 12. fxe3 Bf5 13. b3 O-O 14. O-O Nbd5 15. Bb2 Qe6 16. Qc2 Rfe8 17. Rf2 Rad8 18. Raf1 Bg6 19. Nxd5 Nxd5 20. h4 f6 21. Kh2 Bh5 22. a3 a5 23. Bd4 Bg4 24. Qb2 Qd6 25. Qc2 Qe6 26. Rb1 Ra8 27. b4 axb4 28. axb4 b5 29. Bc5 Ra4 30. Qb2 Rea8 31. Qd4 f5 32. d3 Nf6 33. Rbf1 Ra2 34. dxe4 Bxe2 35. exf5 Qc4 36. Qxc4+ bxc4 37. Kh3 Bxf1 38. Rxf1 Rc2 39. Bxc6 Raa2 40. g4 h6 41. g5 hxg5 42. hxg5 Nh7 43. Bd5+ Kh8 44. Kg4 Rh2 45. Bd4 1-0